 Dungeon Crawl Stone Soup version 0.23.0 (webtiles) character file.

Game seed: 13210669238630811987

5348 KamiKatze the Cleaver (level 10, -1/199 HPs)
             Began as a Hill Orc Fighter on Feb 8, 2019.
             Was a Believer of Qazlal.
             Slain by a sky beast (2 damage)
             ... on level 11 of the Dungeon.
             The game lasted 00:39:56 (8802 turns).

KamiKatze the Cleaver (Hill Orc Fighter)            Turns: 8802, Time: 00:39:56

Health: -1/199     AC: 25    Str: 28 (30) XL:     10   Next: 65%
Magic:  10/11      EV:  2    Int:  5 (8)  God:    Qazlal [**....]
Gold:   555        SH: 14    Dex:  8 (10) Spells: 9/9 levels left

rFire    + . .     SeeInvis .   a - +0 war axe
rCold    + . .     Gourm    .   c - +0 shield
rNeg     + + +     Faith    .   (armour currently unavailable)
rPois    +         Spirit   .   (helmet currently unavailable)
rElec    +         Reflect  .   (cloak currently unavailable)
rCorr    +         Harm     .   (gloves currently unavailable)
MR       .....     NoTele   +   (boots currently unavailable)
Stlth    ..........             (no amulet)
HPRegen  0.00/turn              H - +2 ring of strength
MPRegen  0.12/turn              x - ring of resist corrosion

@: berserking, tree-form, resistant, very slightly contaminated, very quick
A: mutation resistance 1, screaming 1, inhibited regeneration
a: Upheaval, Renounce Religion, Convert to Beogh


You were on level 11 of the Dungeon.
You worshipped Qazlal.
Qazlal was pleased with you.
You were hungry.
You were a tree.
You visited 2 branches of the dungeon, and saw 12 of its levels.
You also visited: Sewer.

You collected 555 gold pieces.

Inventory:

Hand Weapons
 a - a +0 war axe (weapon)
 u - a +0 mace
 C - a +1 falchion of slicing
Missiles
 e - 150 stones
 t - 13 tomahawks (quivered)
Armour
 c - a +0 shield (worn)
 h - a +0 pair of gloves (melded)
 o - a +0 chain mail (melded)
 q - a +0 helmet of intelligence (melded)
 v - a +0 cloak (melded)
 F - a +0 pair of boots (melded)
Jewellery
 j - a +6 ring of intelligence
 k - an uncursed ring of fire
 x - a ring of resist corrosion (right branch)
 G - an uncursed ring of fire
 H - a +2 ring of strength (left branch)
Wands
 r - a wand of clouds (9)
 E - a wand of scattershot (4)
Scrolls
 g - 3 scrolls of remove curse
 y - a scroll of fog
 D - 4 scrolls of amnesia
Potions
 d - a potion of might
 i - 2 potions of flight
 m - a potion of curing
 p - a potion of haste
 s - 3 potions of agility
 A - a potion of invisibility {unknown}
Miscellaneous
 J - a phantom mirror
Comestibles
 f - 19 rations


   Skills:
 + Level 8.3 Fighting
 * Level 11.7 Axes
 + Level 7.6 Armour
 + Level 5.0 Dodging
 + Level 7.6 Shields
 * Level 1.5 Evocations


You had 9 spell levels left.
You didn't know any spells.
Your spell library contained the following spells:

 Spells                   Type           Power        Failure   Level  Hunger
 Animate Skeleton         Necr           N/A          80%         1    ##.....
 Apportation              Tloc           #.....       80%         1    ##.....
 Confusing Touch          Hex            #.....       80%         1    ##.....
 Corona                   Hex            #......      80%         1    ##.....
 Summon Small Mammal      Summ           #...         80%         1    ##.....
 Slow                     Hex            #.......     91%         2    ###....
 Inner Flame              Hex/Fire       #.......     99%         3    ####...
 Portal Projectile        Hex/Tloc       #.....       99%         3    ####...
 Cause Fear               Hex            #.........   100%        4    #####..
 Leda's Liquefaction      Hex/Erth       #.........   100%        4    #####..


Dungeon Overview and Level Annotations

Branches:
Dungeon (10/15)            Temple (1/1) D:7            Lair (0/6) D:10
    Orc (0/2) D:11

Altars:
Ashenzari
Cheibriados
Dithmenos
Elyvilon
Fedhas
Gozag
Hepliaklqana
Kikubaaqudgha
Makhleb
Nemelex Xobeh
Okawaru
Qazlal
Ru
Sif Muna
Trog
Uskayaw
Vehumet
Wu Jian
Xom
Yredelemnul
Zin
The Shining One
Beogh

Shops:
D:4 *   D:8 [

Annotations:
D:7 3 runed translucent doors, exclusion: 3 doors, lextramoth's ghost, novice DEFE


Innate Abilities, Weirdness & Mutations

You are somewhat resistant to further mutation.
You occasionally shout uncontrollably at your foes.
You do not regenerate when monsters are visible.


Message History

You slash the orc zombie!
You destroy the orc zombie!
Qazlal accepts your kill.
The orc priest threatens, "By the altar or by the axe, you will meet Beogh!"
The hippogriff bites you!
* * * LOW HITPOINT WARNING * * *
The hippogriff pecks you but does no damage.
The hippogriff claws you but does no damage.
You slice the phantom!!
The phantom is severely damaged.
You slash the hippogriff!
The orc priest shouts, "Join the one true god or die!"
You slice the orc zombie!!
You destroy the orc zombie!
Qazlal accepts your kill.
Your shield prevents you from hitting the orc priest.
You hit the cyclops. You barely miss something. Something hits you.
* * * LOW HITPOINT WARNING * * *
Something shocks you. You resist.
You die...

,,,,,,,,,,,,,,,,,,,,,,,,,,,,,,,,,
,,,,,,,,,...,,,,,.......,,,,,,,,,
,,*****,,...####*.......,,,,,,,,,
,,*,,,,,,8......*.......,,,,,,,,,
,,*,,,,,,......Z*.......,,,,,,,,,
,,*,,,,,,....ZZZ#.......,,,,*,,,,
,,,,,,,,,...ZZZZZ.......,*,,**,,,
>,,8,,,,,>....W8C)Z.....**,,***,,
,,,,,,,,,..ZZZlo♣WoT...##*,*,,,,,
,,*,,,,,,....Z.Z#Hc......,***,,,,
,,*,,,,,,....ZZZ#cS......,,*,***,
,**,,,,,,8...Zs.#W......##*,,**,,
,******,,...#####..).....##,.#.,,
,* ***.#******##.......#....,, ,*
*,,,*,,,,,,,#c..........c,* ,*
*,,,*,,,,,,,#....(...C...** **
*,,,+,,,,,,,#.......###..*,


You could see a cyclops, a hippogriff, a troll, 2 phantoms, a shadow, 3
centaurs, a scorpion, an iguana, an orc priest, an adder, an orc, a bullfrog
zombie, 2 goblin zombies, a hobgoblin zombie, 7 orc zombies, 2 ogre zombies, a
two-headed ogre zombie, a troll zombie, 2 goblin skeletons and 2 hobgoblin
skeletons.

Vanquished Creatures
  A two-headed ogre (D:9)
  A wolf spider zombie (D:8)
  A freezing wraith (D:11)
  2 hippogriffs
  A two-headed ogre zombie (D:11)
  A water moccasin (D:9)
  A black bear (D:8)
  An ice beast (D:5)
  A sky beast (D:8)
  4 ogres
  2 orc warriors
  A phantom (D:9)
  A centaur (D:9)
  A crocodile (Sewer)
  2 big kobolds
  3 bullfrogs
  A gnoll sergeant (D:7)
  2 scorpions
  A troll zombie (D:11)
  6 killer bees (D:9)
  3 crimson imps
  2 howler monkeys
  3 jellies
  3 hounds
  2 centaur zombies
  7 orc priests
  11 orc wizards
  A bullfrog skeleton (D:4)
  2 centaur skeletons
  3 iguanas
  7 worker ants
  A killer bee zombie (D:8)
  2 ogre zombies (D:11)
  Robin (D:1)
  11 gnolls
  5 adders
  4 river rats (D:4)
  A shadow imp (D:9)
  3 adder skeletons
  2 worms (D:5)
  A dart slug (D:4)
  4 leopard geckos
  30 orcs
  2 ball pythons
  3 giant cockroaches
  12 goblins
  6 hobgoblins
  13 jackals
  A quokka (D:9)
  11 bats
  6 frilled lizards
  3 goblin zombies (D:11)
  2 hobgoblin zombies (D:11)
  18 kobolds
  A leopard gecko zombie (D:5)
  2 orc skeletons (D:11)
  4 orc zombies (D:11)
  5 rats
232 creatures vanquished.

Notes
Turn   | Place    | Note
-------+----------+-------------------------------------------
     0 | D:1      | KamiKatze the Hill Orc Fighter began the quest for the Orb.
     0 | D:1      | Reached XP level 1. HP: 19/19 MP: 1/1
   160 | D:1      | Reached skill level 3 in Axes
   277 | D:1      | Reached XP level 2. HP: 27/27 MP: 2/2
  1009 | D:2      | Reached XP level 3. HP: 33/33 MP: 3/3
  1227 | D:2      | Reached skill level 4 in Axes
  1227 | D:2      | Reached skill level 1 in Dodging
  1227 | D:2      | Reached XP level 4. HP: 8/40 MP: 4/4
  1425 | D:2      | Noticed Robin
  1459 | D:1      | Killed Robin
  2013 | D:3      | Reached XP level 5. HP: 46/46 MP: 5/5
  2129 | D:3      | Found a white marble altar of Elyvilon.
  2533 | D:4      | Reached skill level 5 in Axes
  2533 | D:4      | Reached XP level 6. HP: 32/53 MP: 6/6
  2596 | D:4      | Found a glowing drain.
  2754 | Sewer    | Entered a sewer
  3725 | D:4      | Found Caukk's General Store.
  3839 | D:5      | Entered Level 5 of the Dungeon
  3844 | D:5      | Reached XP level 7. HP: 60/60 MP: 7/7
  3890 | D:5      | Reached skill level 5 in Fighting
  3890 | D:5      | Reached skill level 6 in Axes
  4831 | D:6      | Reached skill level 5 in Armour
  4843 | D:6      | Reached skill level 5 in Shields
  4849 | D:6      | Reached skill level 7 in Axes
  5127 | D:6      | Reached XP level 8. HP: 69/69 MP: 8/8
  5549 | D:6      | Found a snail-covered altar of Cheibriados.
  5551 | D:6      | Found a bloodstained altar of Trog.
  5670 | D:7      | Found a runed translucent gate.
  5670 | D:7      | Noticed lextramoth's ghost (novice DEFE)
  5671 | D:7      | Found a runed translucent gate.
  5672 | D:7      | Found a runed translucent gate.
  5675 | D:7      | Identified the +8 plate armour of the Lonely Lovers {MR+
                  | rCorr}
  5684 | D:7      | Found a roughly hewn altar of Beogh.
  5925 | D:7      | Found a staircase to the Ecumenical Temple.
  5942 | Temple   | Entered the Ecumenical Temple
  6013 | D:7      | Reached skill level 8 in Axes
  6451 | D:7      | Noticed a hippogriff
  6469 | D:7      | Killed a hippogriff
  6469 | D:7      | Reached skill level 9 in Axes
  6469 | D:7      | Reached XP level 9. HP: 49/78 MP: 9/9
  6660 | D:8      | Found Vanorch's Armour Shop.
  6808 | D:8      | Reached skill level 10 in Axes
  6933 | D:8      | Found a stormy altar of Qazlal.
  6936 | D:8      | Found an ornate altar of the Wu Jian Council.
  6957 | D:8      | Found a sparkling altar of Nemelex Xobeh.
  6957 | D:8      | Found a hide-covered altar of Uskayaw.
  6961 | D:8      | Became a worshipper of Qazlal Stormbringer
  7542 | D:9      | Noticed a two-headed ogre
  7613 | D:8      | Reached XP level 10. HP: 81/88 MP: 10/10
  7804 | D:9      | Killed a two-headed ogre
  7804 | D:9      | Reached skill level 11 in Axes
  8169 | D:9      | Reached * piety under Qazlal
  8587 | D:10     | Entered Level 10 of the Dungeon
  8737 | D:10     | Found a staircase to the Lair.
  8747 | D:10     | You fall through a shaft!
  8750 | D:11     | Noticed a gargoyle
  8770 | D:11     | Noticed a cyclops
  8771 | D:11     | Found a staircase to the Orcish Mines.
  8783 | D:11     | Gained mutation: You do not regenerate when monsters are
                  | visible. [potion of mutation]
  8783 | D:11     | Gained mutation: You occasionally shout uncontrollably at
                  | your foes. [potion of mutation]
  8783 | D:11     | Gained mutation: You are somewhat resistant to further
                  | mutation. [potion of mutation]
  8794 | D:11     | Reached skill level 5 in Dodging
  8798 | D:11     | Reached skill level 1 in Evocations
  8801 | D:11     | Reached ** piety under Qazlal
  8801 | D:11     | HP: 3/199 [hippogriff (7)]
  8802 | D:11     | HP: 1/199 [something (2)]
  8802 | D:11     | Slain by a sky beast

Skill      XL: |  1  2  3  4  5  6  7  8  9 10 |
---------------+-------------------------------+-----
Axes           | 3 4 5 7 9 10 11 | 11.7
Fighting       | 4 5 6 7 8 |  8.3
Dodging        | 1 2 3 4 5 |  5.0
Armour         | 4 5 6 7 |  7.6
Shields        | 4 5 6 7 |  7.6
Evocations     | 1 |  1.5

Action                   |  1- 3 |  4- 6 |  7- 9 | 10-12 || total
-------------------------+-------+-------+-------+-------++-------
Melee: War axe           |    82 |   188 |   402 |   123 ||   795
Throw: Stone             |       |     7 |       |       ||     7
       Tomahawk          |       |     4 |     2 |     5 ||    11
  Use: Scroll            |       |     6 |     5 |     4 ||    15
       Potion            |       |       |     2 |    11 ||    13
  Eat: Chunk             |     1 |     5 |    12 |     1 ||    19
       Ration            |       |     1 |       |     1 ||     2
Armor: Scale mail        |    46 |   125 |   157 |       ||   328
       Chain mail        |       |       |    17 |    64 ||    81
       Skin              |       |       |       |    74 ||    74
Dodge: Dodged            |    22 |    76 |   133 |    54 ||   285
Block: Shield            |    53 |   111 |   209 |   106 ||   479
